 Dungeon Sprint DCSS version 0.30-a0-964-gd452b5e7fa (webtiles) character file.

Game seed: 5607406796277328893

40 sircluck the Chopper (level 3, -4/37 HPs)
             Began as a Hill Orc Berserker on Mar 30, 2023.
             Was a Priest of Trog.
             Slain by a gnoll bouda
             ... wielding a +0 whip
              (6 damage)
             ... in the Dungeon (Sprint VII: "The Pits").
             The game lasted 00:00:52 (232 turns).

sircluck the Chopper (Hill Orc Berserker)            Turns: 232, Time: 00:00:53

Health: -4/37      AC:  2    Str: 21    XL:     3   Next: 50%
Magic:  3/3        EV: 12    Int:  7    God:    Trog [***...]
Gold:   0          SH:  0    Dex: 10    Spells: 2/2 levels left

rFire   . . .      SeeInvis .    n - +2 hand axe
rCold   . . .      Faith    .    (no shield)
rNeg    . . .      Spirit   .    b - +0 animal skin
rPois   .          Reflect  .    (no helmet)
rElec   .          Rampage  .    (no cloak)
rCorr   .          NoTele   +    (no gloves)
Will    .....                    (no boots)
Stlth   +                        (no amulet)
HPRegen 0.26/turn                (no ring)
MPRegen 0.08/turn                (no ring)

@: no status effects
A: no striking features
a: Renounce Religion, Berserk, Trog's Hand


You were in the Dungeon.
You worshipped Trog.
Trog was most pleased with you.
You visited 1 branch

Inventory:

Hand Weapons
 a - a +0 hand axe
 n - a +2 hand axe (weapon)
Missiles
 m - 10 stones (quivered)
Armour
 b - a +0 animal skin (worn)
Scrolls
 h - a scroll of blinking
 j - a scroll of butterflies
 k - 5 scrolls of amnesia
 l - 2 scrolls of vulnerability
Potions
 c - a potion of curing
 d - a potion of heal wounds
 e - a potion of haste
 f - 4 potions of magic
 g - 3 potions of berserk rage
 i - 2 potions of invisibility


   Skills:
 + Level 5.9 Fighting
 + Level 6.9 Axes
 + Level 3.0 Armour
 + Level 2.3 Dodging
 + Level 0.3 Stealth


You had 2 spell levels left.
You didn't know any spells.
Your spell library was empty.

Dungeon Overview and Level Annotations

Branches:
Dungeon (1/1)

Altars:
Ashenzari
Cheibriados
Dithmenos
Elyvilon
Fedhas
Gozag
Hepliaklqana
Kikubaaqudgha
Makhleb
Nemelex Xobeh
Okawaru
Qazlal
Ru
Sif Muna
Trog
Uskayaw
Vehumet
Wu Jian
Xom
Yredelemnul
Zin
The Shining One
Beogh
Jiyva
Lugonu


Message History

The gnoll bouda hits you with a +0 whip.
You slash the gnoll!
The gnoll is almost dead.
You hit the gnoll bouda but do no damage.
The gnoll hits you with a +0 flail.
The gnoll bouda calls upon its god to heal the gnoll.
The gnoll is healed somewhat.
You hit the gnoll.
The gnoll is severely wounded.
You hit the gnoll bouda.
A gnoll comes into view. It is wielding a +0 flail.
The gnoll closely misses you.
The gnoll bouda utters an invocation to its god.
The gnoll bouda is healed somewhat.
The gnoll moves out of view.
You hit the gnoll.
The gnoll is almost dead.
You hit the gnoll bouda but do no damage.
The gnoll hits you with a +0 flail.
The gnoll bouda hits you with a +0 whip.
* * * LOW HITPOINT WARNING * * *
Unknown command.
You hit the gnoll bouda.
The gnoll bouda is heavily wounded.
You slash the gnoll!
You kill the gnoll!
Trog accepts your kill. The gnoll bouda completely misses you.
Your Armour skill increases to level 3!
Unknown command.
You hit the gnoll bouda.
The gnoll bouda is severely wounded.
You hit the kobold.
You kill the kobold!
Trog accepts your kill.
You hit the gnoll bouda.
The gnoll bouda is almost dead.
The gnoll hits you from afar with a +0 spear.
* * * LOW HITPOINT WARNING * * *
The gnoll bouda hits you with a +0 whip.
You die...

#_________.#
#_______...##########
##########'##........
#....')))'.##......#.
##########.##........
#...........'........
#+#####'#####......#.
#..#..#..##........
#)@g..)..#####'####
##g####+###.......#


.Jg #.......# #.gg. #.......# #####+ #...<...# #.......# #.......# #.......#
######### You could see a gnoll bouda, 3 gnolls, an endoplasm and a goblin.

Vanquished Creatures
  2 gnolls (D)
  An adder (D)
  An ufetubus (D)
  An orc (D)
  A bat zombie (D)
  A giant cockroach (D)
  A kobold (D)
  A quokka skeleton (D)
9 creatures vanquished.

Notes
Turn   | Place    | Note
-------+----------+-------------------------------------------
     0 | D        | sircluck the Hill Orc Berserker began the quest for the
                  | Orb.
     0 | D        | Reached XP level 1. HP: 19/19 MP: 1/1
    75 | D        | Found a bloodstained altar of Trog.
    75 | D        | Found a shimmering blue altar of Sif Muna.
    75 | D        | Found a viscous altar of Jiyva.
    75 | D        | Found a hazy altar of Hepliaklqana.
    75 | D        | Found an opulent altar of Gozag.
    76 | D        | Found a glowing golden altar of the Shining One.
    76 | D        | Found a glowing silver altar of Zin.
    76 | D        | Found a basalt altar of Yredelemnul.
    76 | D        | Found a shimmering altar of Xom.
    76 | D        | Found an ornate altar of the Wu Jian Council.
    76 | D        | Found a sacrificial altar of Ru.
    76 | D        | Found a stormy altar of Qazlal.
    76 | D        | Found an iron altar of Okawaru.
    76 | D        | Found a sparkling altar of Nemelex Xobeh.
    76 | D        | Found a burning altar of Makhleb.
    76 | D        | Found a blossoming altar of Fedhas.
    76 | D        | Found a white marble altar of Elyvilon.
    76 | D        | Found a shadowy altar of Dithmenos.
    76 | D        | Found a snail-covered altar of Cheibriados.
    78 | D        | Found a radiant altar of Vehumet.
    78 | D        | Found a corrupted altar of Lugonu.
    78 | D        | Found a roughly hewn altar of Beogh.
    79 | D        | Found a hide-covered altar of Uskayaw.
    79 | D        | Found an ancient bone altar of Kikubaaqudgha.
    79 | D        | Found a broken altar of Ashenzari.
    96 | D        | Reached skill level 5 in Axes
    96 | D        | Reached XP level 2. HP: 28/28 MP: 2/2
   104 | D        | Reached ** piety under Trog
   105 | D        | Reached skill level 5 in Fighting
   219 | D        | Reached skill level 6 in Axes
   222 | D        | Reached *** piety under Trog
   223 | D        | Reached XP level 3. HP: 33/37 MP: 3/3
   232 | D        | Slain by a gnoll bouda

Illustrated notes

Levels and vault maps discovered:
D:        pitsprint [storerooms_1, entrance_room_1, metal_vault_2, armoury_1,
          mini_pit_1, grid_room_1, main_hall_1, silver_pit, the_coven_1,
          the_vestibule_1, steel_vault_5, golden_pit, hallway_of_sentries,
          crystal_vault_4, iron_vault_2, final_vault]

Skill      XL: |  1  2  3 |
---------------+----------+-----
Fighting       | 4 5 |  5.9
Axes           | 5 6 |  6.9
Dodging        | 2 |  2.3
Armour         | 3 |  3.0
Stealth        | |  0.3

Action                     || total
---------------------------++-------
  Melee: Hand axe          ||    28
         Punch             ||     1
   Stab: Sleeping          ||     1
 Armour: Animal skin       ||     1
  Dodge: Dodged            ||     8

Table legend: (Time is in decaauts)
 A = Elapsed time spent in this place.
 B = Non-inter-level travel time spent in this place.
 C = Inter-level travel time spent in this place.
 D = Time resting spent in this place.
 E = Time spent auto-exploring this place.
 F = Levels seen in this place.
 G = Mean time per level.
                   A        B        C        D        E       F      G
               +--------+--------+--------+--------+--------+-----+--------+
         Total |    231 |    221 |     10 |    102 |      0 |   1 |  231.0 |
       Dungeon |    231 |    221 |     10 |    102 |      0 |   1 |  231.0 |
               +--------+--------+--------+--------+--------+-----+--------+

Top non-repeatable levels by time:
       D: 231 daAuts
